Map: Central Protocol

Players

Classic - Winner!

  • Race: Protoss Protoss
  • League: Master

State

  • Race: Protoss Protoss
  • League: Grandmaster

VOD

Have the link to the VOD?

Description

Time

  • Played on: Nov. 25, 2015, 3:45 a.m.
  • Length: 10:48
Show
View Real Time Build Order
Export as new Build Order

Classic Protoss - Winner!

Build Orders: 1 Gate Expand, Phoenix Opening 

Get SALT Encoding   

  12  0:00  Probe (Chrono Boost)  
  13  0:11  Probe (Chrono Boost)  
  14  0:17  Pylon  
  14  0:21  Probe (Chrono Boost)  
  16  0:35  Probe (Chrono Boost)  
  16  0:37  Gateway  
  16  0:46  Probe (Chrono Boost)  
  16  0:47  Assimilator  
  17  0:56  Probe (Chrono Boost)  
  18  1:07  Probe (Chrono Boost)  
  19  1:17  Probe (Chrono Boost)  
  20  1:22  Nexus  
  20  1:28  Probe (Chrono Boost)  
  21  1:33  Cybernetics Core  
  21  1:38  Probe (Chrono Boost)  
  22  1:41  Assimilator  
  22  1:49  Pylon  
  22  1:51  Probe (Chrono Boost)  
  24  2:10  Mothership Core (Chrono Boost), Adept  
  27  2:16  Warp Gate  
  27  2:29  Probe (Chrono Boost)  
  28  2:34  Probe (Chrono Boost)  
  29  2:38  Adept  
  29  2:39  Probe (Chrono Boost)  
  32  2:45  Probe (Chrono Boost)  
  32  2:46  Pylon  
  32  2:49  Stargate  
  32  2:50  Probe (Chrono Boost)  
  34  2:55  Probe (Chrono Boost)  
  35  3:00  Probe (Chrono Boost)  
  36  3:06  Probe (Chrono Boost)  
  36  3:09  Stalker  
  36  3:11  Probe (Chrono Boost)  
  40  3:16  Probe (Chrono Boost)  
  41  3:21  Probe (Chrono Boost)  
  41  3:27  Probe (Chrono Boost)  
  41  3:31  Robotics Facility  
  41  3:32  Probe (Chrono Boost)  
  42  3:38  Probe (Chrono Boost)  
  42  3:40  Phoenix (Chrono Boost)  
  45  3:42  Probe  
  45  3:43  Assimilator  
  45  3:45  Pylon  
  45  3:47  Assimilator  
  46  3:49  Stalker  
  46  3:52  Probe  
  46  3:54  Probe  
  50  4:04  Phoenix (Chrono Boost)  
  50  4:05  Probe  
  50  4:07  Probe  
  54  4:15  Probe  
  52  4:19  Probe, Observer  
  52  4:21  Pylon  
  55  4:29  Probe  
  55  4:31  Probe  
  54  4:32  Phoenix (Chrono Boost)  
  56  4:39  Probe  
  56  4:41  Nexus  
  56  4:43  Probe  
  58  4:48  Pylon  
  58  4:50  Probe  
  59  4:54  Phoenix (Chrono Boost)  
  59  4:55  Probe  
  62  5:06  Immortal (Chrono Boost)  
  64  5:09  Gateway  
  64  5:11  Gateway  
  64  5:15  Phoenix  
  66  5:25  Probe  
  66  5:27  Probe  
  68  5:28  Sentry  
  68  5:34  Pylon  
  70  5:36  Phoenix  
  70  5:41  Immortal (Chrono Boost)  
  76  5:43  Pylon  
  76  5:46  Pylon  
  76  5:56  Stalker  
  78  6:00  Probe  
  78  6:01  Probe  
  78  6:02  Probe  
  79  6:07  Phoenix  
  79  6:12  Probe  
  79  6:14  Probe x2  
  79  6:15  Immortal (Chrono Boost)  
  86  6:21  Zealot x3  
  86  6:24  Gateway  
  92  6:29  Gateway  
  92  6:33  Gateway  
  92  6:34  Phoenix  
  94  6:43  Probe  
  94  6:44  Forge  
  94  6:45  Probe x2  
  97  6:51  Immortal (Chrono Boost)  
  101  6:56  Probe  
  101  6:57  Pylon  
  101  6:58  Probe  
  101  6:59  Pylon  
  101  7:01  Probe  
  104  7:03  Phoenix  
  104  7:06  Probe, Pylon  
  107  7:12  Pylon  
  107  7:15  Twilight Council  
  107  7:16  Protoss Ground Weapons Level 1 (Chrono Boost)  
  107  7:17  Probe  
  107  7:18  Probe  
  107  7:19  Probe  
  110  7:23  Assimilator  
  110  7:26  Pylon  
  110  7:28  Probe, Observer (Chrono Boost), Assimilator  
  112  7:30  Probe  
  112  7:31  Probe  
  114  7:39  Robotics Bay  
  114  7:42  Pylon  
  114  7:44  Immortal (Chrono Boost), Phoenix  
  120  7:56  Charge  
  120  8:02  Zealot x6  
  132  8:11  Gateway x2  
  132  8:18  Templar Archives  
  134  8:22  Disruptor  
  134  8:25  Photon Cannon  
  134  8:27  Pylon  
  137  8:36  Zealot x6  
  147  8:46  Pylon  
  147  8:48  Pylon  
  147  8:50  Pylon  
  147  8:53  Disruptor  
  147  9:02  Pylon  
  150  9:07  High Templar x4  
  156  9:11  Archon x2  
  156  9:19  Zealot x3  
  156  9:20  Zealot  
  164  9:24  Disruptor  
  167  9:37  Photon Cannon  
  167  9:41  Zealot x2, Photon Cannon, High Templar x2  
  167  9:42  Zealot x4  
  183  9:46  Archon  
  181  9:57  Disruptor  
  181  10:01  Gateway  
  181  10:05  Zealot x4  
  192  10:07  High Templar x2  
  192  10:12  Archon  
  190  10:34  Zealot x6  
Show
View Real Time Build Order
Export as new Build Order

State Protoss 

Build Orders: 1 Gate Expand, Oracle Opening 

Get SALT Encoding   

  12  0:00  Probe (Chrono Boost)  
  13  0:11  Probe (Chrono Boost)  
  14  0:18  Pylon  
  14  0:22  Probe (Chrono Boost)  
  15  0:36  Probe (Chrono Boost)  
  15  0:37  Gateway  
  15  0:41  Assimilator  
  16  0:47  Probe (Chrono Boost)  
  17  0:57  Probe (Chrono Boost)  
  18  1:08  Probe (Chrono Boost)  
  19  1:21  Nexus  
  19  1:24  Probe (Chrono Boost)  
  20  1:33  Cybernetics Core  
  20  1:39  Probe (Chrono Boost)  
  21  1:43  Assimilator  
  21  1:49  Pylon  
  21  1:52  Probe (Chrono Boost)  
  22  2:03  Probe (Chrono Boost)  
  23  2:10  Warp Gate  
  23  2:14  Adept  
  23  2:15  Mothership Core (Chrono Boost)  
  27  2:33  Probe (Chrono Boost)  
  27  2:36  Probe (Chrono Boost)  
  29  2:42  Adept  
  32  2:44  Probe (Chrono Boost)  
  32  2:47  Probe (Chrono Boost), Stargate  
  33  2:54  Probe (Chrono Boost)  
  33  2:57  Probe (Chrono Boost)  
  35  3:05  Probe (Chrono Boost)  
  36  3:08  Probe (Chrono Boost)  
  36  3:10  Gateway  
  36  3:15  Probe (Chrono Boost)  
  36  3:18  Probe (Chrono Boost)  
  38  3:26  Probe (Chrono Boost)  
  37  3:28  Probe (Chrono Boost)  
  37  3:32  Oracle (Chrono Boost)  
  41  3:37  Probe  
  41  3:38  Probe  
  43  3:47  Pylon  
  43  3:51  Twilight Council  
  43  3:52  Probe  
  43  3:53  Probe  
  45  4:03  Pylon  
  45  4:04  Probe x2  
  47  4:14  Probe  
  47  4:17  Probe  
  48  4:18  Assimilator  
  48  4:21  Assimilator  
  48  4:22  Robotics Facility  
  48  4:25  Probe  
  48  4:31  Blink (Chrono Boost)  
  49  4:33  Probe  
  49  4:36  Probe  
  48  4:38  Pylon  
  48  4:45  Probe  
  49  4:46  Probe  
  49  4:52  Stalker x2  
  54  4:58  Probe  
  56  5:05  Mothership Core  
  55  5:08  Immortal (Chrono Boost)  
  55  5:10  Probe  
  60  5:17  Pylon  
  60  5:19  Stalker x2  
  62  5:37  Probe (Chrono Boost)  
  62  5:39  Probe (Chrono Boost)  
  62  5:41  Immortal  
  61  5:44  Nexus  
  61  5:48  Probe (Chrono Boost)  
  67  5:51  Probe (Chrono Boost)  
  67  5:58  Probe (Chrono Boost)  
  67  6:00  Stalker x2  
  67  6:03  Probe (Chrono Boost)  
  73  6:09  Probe (Chrono Boost), Pylon  
  74  6:15  Probe (Chrono Boost)  
  75  6:19  Gateway  
  75  6:20  Gateway  
  75  6:22  Immortal  
  75  6:27  Gateway  
  79  6:35  Probe (Chrono Boost)  
  79  6:37  Probe (Chrono Boost)  
  79  6:39  Pylon  
  80  6:40  Pylon  
  80  6:48  Forge, Pylon  
  80  6:52  Probe (Chrono Boost)  
  80  6:53  Probe (Chrono Boost)  
  82  6:57  Probe (Chrono Boost)  
  82  6:58  Immortal, Pylon  
  83  7:02  Probe (Chrono Boost)  
  83  7:05  Probe (Chrono Boost)  
  89  7:09  Probe (Chrono Boost)  
  90  7:17  Probe  
  90  7:18  Probe  
  90  7:20  Adept  
  94  7:23  Protoss Ground Weapons Level 1  
  94  7:26  Templar Archives, Robotics Bay  
  94  7:29  Pylon  
  94  7:31  Probe  
  94  7:32  Probe  
  96  7:41  Probe  
  96  7:43  Probe, Immortal  
  100  7:52  Probe  
  100  7:54  Probe  
  100  7:55  Assimilator  
  100  7:56  Pylon, Assimilator  
  100  7:58  Pylon  
  102  7:59  Pylon  
  102  8:06  High Templar x3  
  102  8:07  Adept, High Templar  
  112  8:13  Archon x2, Charge (Chrono Boost)  
  112  8:23  Warp Prism  
  112  8:25  Gateway  
  112  8:26  Gateway  
  112  8:27  Gateway  
  112  8:32  Gateway  
  112  8:33  Gateway  
  114  8:34  Gateway  
  114  8:35  Gateway  
  114  8:37  Gateway  
  114  8:43  High Templar x4  
  114  8:44  Zealot  
  124  8:48  Archon  
  124  8:49  Archon  
  124  8:59  Gateway  
  124  9:00  Pylon x2  
  124  9:18  Zealot x5  
  127  9:24  Photon Cannon  
  127  9:31  High Templar x4  
  123  9:32  Stalker x3  
  123  9:33  Photon Cannon  
  123  9:35  Archon x2  
  123  9:36  Observer  
  123  9:38  Photon Cannon  
  134  9:54  Observer  
  134  9:56  Zealot x6  
  134  9:57  Zealot x2  
  134  9:59  Probe  
  150  10:05  Zealot x2, High Templar x2  
  158  10:13  Archon  
  154  10:28  Zealot x4  
  148  10:32  Zealot  
  148  10:33  Zealot x4  
  148  10:35  Zealot  
Tags
 
Add a new tag
Caveats
  • Supply blocks, unpowered buildings, or Contaminate may cause inaccurate times.
  • Supply counts are checked every 10 seconds.